 Dungeon Crawl Stone Soup version 0.23.2-30-g0e89c35649 (webtiles) character file.

Game seed: 11673642175053279388

88434 DildoBatman the Thaumaturge (level 16, -7/98 (103) HPs)
             Began as a Formicid Wizard on June 17, 2019.
             Was an Initiate of Gozag.
             Mangled by a death ooze (15 damage)
             ... in a Gauntlet.
             The game lasted 02:00:22 (24694 turns).

DildoBatman the Thaumaturge (Formicid Wizard)      Turns: 24694, Time: 02:00:23

HP:   -7/98 (103)   AC:  5    Str: 11      XL:     16   Next: 40%
MP:   18/43         EV: 14    Int: 26 (27) God:    Gozag
Gold: 3697          SH: 12    Dex:  9      Spells: 12/43 levels left

rFire    . . .     SeeInvis +   a - +9 glaive (flame)
rCold    + + +     Gourm    .   k - +0 shield
rNeg     . . .     Faith    .   (no armour)
rPois    +         Spirit   .   (helmet unavailable)
rElec    .         Reflect  .   L - +0 cloak
rCorr    +         Harm     .   Q - +0 pair of gloves of the Ward {rPois rCorr}
MR       +....                  j - +2 pair of boots "Vaor Ziw" {-Tele rPois rC+++ Str-2 SInv}
Stlth    +++.......             r - amulet of regeneration
HPRegen  0.00/turn              M - ring "Ujaariritu" {MP+9 Int+3}
MPRegen  0.28/turn              t - ring of wizardry

@: gold aura, very slightly contaminated, non-regenerating, diseased
A: permanent stasis, dig shafts and tunnels, four strong arms, antennae 3,
deterioration 1, frail 1, poison resistance, evolution 1, subdued magic 1,
MP-powered wands
a: Dig, Shaft Self, Potion Petition, Call Merchant, Bribe Branch, Renounce
Religion


You were in a Gauntlet.
You worshipped Gozag.
Gozag was most pleased with you.
You were full.

You visited 4 branches of the dungeon, and saw 23 of its levels.
You also visited: Bailey and Gauntlet.

You collected 5987 gold pieces.
You spent 1700 gold pieces at shops.
You paid 590 gold pieces to Gozag.

Inventory:

Hand Weapons
 a - a +9 glaive of flaming (weapon)
 c - a +0 shortbow of flaming
 G - a +2 demon trident of electrocution
Missiles
 f - 8 curare-tipped needles
 p - 6 poisoned javelins (quivered)
 q - 528 arrows
 w - 4 needles of sleeping
 A - 23 steel javelins
 U - a throwing net
Armour
 i - the +0 pair of gloves of an ice cave {-Cast rElec Str+7}
   (You found it in a Gauntlet)

   It affects your strength (+7).
   It insulates you from electricity.
   It prevents spellcasting.
 j - the +2 pair of boots "Vaor Ziw" (worn) {-Tele rPois rC+++ Str-2 SInv}
   (You bought it in a shop on level 2 of the Orcish Mines)

   It affects your strength (-2).
   It renders you almost immune to cold.
   It protects you from poison.
   It lets you see invisible.
   It prevents most forms of teleportation.
 k - a +0 shield (worn)
 l - a +1 crystal plate armour
 o - a +3 troll leather armour
 u - a scarf of resistance
 E - the +1 pair of boots of Pietiexa {+Blink rPois rN+ MR+}
   (You acquired it on level 5 of the Lair of Beasts)

   It protects you from poison.
   It protects you from negative energy.
   It affects your resistance to hostile enchantments.
   It lets you blink.
 L - a +0 cloak (worn)
 N - a +2 large shield of protection
 O - a +4 plate armour of cold resistance
 Q - the +0 pair of gloves of the Ward (worn) {rPois rCorr}
   (You acquired it on level 7 of the Dungeon)

   It protects you from poison.
   It provides partial protection from all sources of acid and corrosion.
Jewellery
 r - an amulet of regeneration (around neck)
 t - a ring of wizardry (right hand)
 y - an uncursed ring of resist corrosion
 B - a +3 ring of intelligence
 I - a +2 ring of slaying
 M - the ring "Ujaariritu" (left hand) {MP+9 Int+3}
   (You bought it in a shop on level 4 of the Dungeon)

   [ring of magical power]

   It affects your intelligence (+3).
   It affects your magic capacity (+9).
Wands
 d - a wand of paralysis (7)
 D - a wand of iceblast (16)
 H - a wand of scattershot (12)
 K - a wand of flame (23)
 R - a wand of acid (18)
 V - a wand of clouds (4)
Scrolls
 g - a scroll of summoning
 h - 2 scrolls of immolation {unknown}
 x - 6 scrolls of remove curse
 z - 3 scrolls of identify
 C - 2 scrolls of magic mapping
Potions
 b - 4 potions of flight
 e - 13 potions of heal wounds
 m - 13 potions of curing
 s - 4 potions of might
 J - 3 potions of cancellation
Miscellaneous
 n - a fan of gales
 S - a phial of floods
Comestibles
 v - 20 rations


   Skills:
 - Level 7.2 Fighting
   Level 3.0 Short Blades
 - Level 6.1 Polearms
 - Level 7.2 Armour
 - Level 5.1 Dodging
 - Level 6.0 Stealth
 * Level 14.1 Shields
 - Level 14.2 Spellcasting
 - Level 6.0 Conjurations
   Level 1.0 Summonings
 - Level 11.4 Necromancy
   Level 0.8 Translocations
 - Level 4.0 Fire Magic
 - Level 4.0 Air Magic
 - Level 10.9 Earth Magic
 - Level 8.2 Poison Magic


You had 12 spell levels left.
You knew the following spells:

 Your Spells              Type           Power        Failure   Level  Hunger
a - Conjure Flame         Conj/Fire      ####....     1%          3    None
b - Borgnjor's Vile Clut  Necr/Erth      ######....   1%          5    ##.....
c - Magic Dart            Conj           ####         1%          1    None
d - Vampiric Draining     Necr           ######....   1%          3    None
e - Mephitic Cloud        Conj/Pois/Air  #####...     1%          3    None
f - Shatter               Erth           ######....   100%        9    #######
h - Dispel Undead         Necr           ######..     1%          5    ##.....
z - Sublimation of Blood  Necr           ######....   0%          2    None

Your spell library contained the following spells:

 Spells                   Type           Power        Failure   Level  Hunger
 Pain                     Necr           ####         0%          1    None
 Corpse Rot               Necr           N/A          0%          2    None
 Beastly Appendage        Tmut           ##....       1%          1    None
 Corona                   Hex            ##.....      1%          1    None
 Infusion                 Chrm           ##..         1%          1    None
 Summon Butterflies       Summ           ###.....     1%          1    None
 Call Imp                 Summ           ###.....     1%          2    None
 Ensorcelled Hibernation  Hex/Ice        ##....       1%          2    None
 Searing Ray              Conj           #####.       1%          2    None
 Shroud of Golubria       Chrm/Tloc      ###.......   1%          2    None
 Slow                     Hex            ##......     1%          2    None
 Song of Slaying          Chrm           ##......     1%          2    None
 Sticks to Snakes         Tmut           ##......     1%          2    None
 Dazzling Spray           Conj/Hex       ####..       1%          3    None
 Recall                   Summ/Tloc      N/A          1%          3    None
 Regeneration             Chrm/Necr      #####.....   1%          3    None
 Spider Form              Tmut/Pois      ####......   1%          3    None
 Animate Dead             Necr           N/A          1%          4    None
 Iskenderun's Mystic Bla  Conj           #####...     1%          4    None
 Leda's Liquefaction      Hex/Erth       #####.....   1%          4    None
 Agony                    Necr           ######..     1%          5    ##.....
 Bolt of Draining         Conj/Necr      #####.....   1%          5    ##.....
 Bolt of Magma            Conj/Fire/Erth #####.....   1%          5    ##.....
 Death Channel            Necr           ######....   1%          6    ####...
 Confuse                  Hex            ##......     2%          3    None
 Spectral Weapon          Hex/Chrm       ##......     2%          3    None
 Tukima's Dance           Hex            ##......     2%          3    None
 Force Lance              Conj/Tloc      ####....     2%          4    None
 Fulminant Prism          Conj/Hex       ####......   2%          4    None
 Excruciating Wounds      Chrm/Necr      #####.....   2%          5    ##.....
 Iron Shot                Conj/Erth      #####.....   4%          6    ####...
 Ice Form                 Ice/Tmut       ##......     11%         4    None
 Simulacrum               Ice/Necr       #####.....   16%         6    ####...
 Statue Form              Tmut/Erth      #####....    16%         6    ####...
 Blade Hands              Tmut           ##........   28%         5    ##.....
 Metabolic Englaciation   Hex/Ice        ##........   28%         5    ##.....
 Freezing Cloud           Conj/Ice/Air   ####......   38%         6    ####...
 Bolt of Cold             Conj/Ice       ####......   43%         6    ####...
 Borgnjor's Revivificati  Necr           ######....   52%         8    #######
 Infestation              Necr           ######....   52%         8    #######
 Haunt                    Necr/Summ      #####.....   54%         7    ######.
 Shadow Creatures         Summ           N/A          71%         6    ####...
 Ozocubu's Refrigeration  Ice            ##........   83%         6    ####...
 Death's Door             Chrm/Necr      #####.....   99%         8    #######
 Necromutation            Tmut/Necr      #####.....   99%         8    #######
 Blink                    Tloc           Unusable     N/A         2    N/A

Dungeon Overview and Level Annotations

Branches:
Dungeon (14/15)            Temple (1/1) D:4            Lair (6/6) D:11
 Shoals (0/4) Lair:2        Snake (0/4) Lair:3        Slime (0/5) Lair:5
    Orc (2/2) D:12            Elf (0/3) Orc:2
 Vaults: D:13-14

Altars:
Ashenzari
Cheibriados
Dithmenos
Elyvilon
Fedhas
Gozag
Hepliaklqana
Kikubaaqudgha
Makhleb
Nemelex Xobeh
Okawaru
Qazlal
Ru
Sif Muna
Trog
Uskayaw
Vehumet
Wu Jian
Xom
Yredelemnul
Zin
The Shining One
Beogh

Shops:
D:4 *   D:8 *:}(}   D:11 (   D:13 (!   D:14 ?   Orc:2 %=[}

Portals:
Hell: Lair:6

Annotations:
Gauntlet 8 transporters


Innate Abilities, Weirdness & Mutations

You cannot be hasted, slowed, berserked, paralysed or teleported.
You can dig through walls and to a lower floor.
Your four strong arms can wield two-handed weapons with a shield.
You have a pair of large antennae on your head. (SInv)
Your body sometimes deteriorates upon taking damage.
You are frail. (-10% HP)
Your system is resistant to poisons. (rPois)
You evolve.
Your spells are a little easier to cast, but a little less powerful.
You expend magic power (3 MP) to strengthen your wands.


Message History

The death ooze barely misses you.
You barely miss the death ooze.
The death ooze is moderately damaged.
The death ooze is engulfed in blazing flames.
The death ooze hits you!
Your body deteriorates!
You feel dopey.
You feel ill.
You feel your flesh rotting away! The death ooze hits you!!
You slash the death ooze! You burn the death ooze.
The death ooze is heavily damaged.
The death ooze is engulfed in blazing flames.
The death ooze hits you but does no damage.
The death ooze hits you!!
The death ooze is engulfed in blazing flames.
The death ooze hits you!
You die...
Your body crumbles into a pile of gold.

##...©J©.©...##
#.............#
#.#.#######.#.#
#.#....#....#.#
#.#.##.#.##.#.#
#.............#
#.#..##'##..#.#
#J#..#8.8#..#.#
#.@..#...#....#
###8.#8.8#.8###
####[..####
#8.8# #÷.[#
#8∩8# #####


You could see a death ooze.

Vanquished Creatures
  Kirke (D:13)
  2 entropy weavers (Lair:6)
  Nessos (D:13)
  A dire elephant (Lair:6)
  A minotaur (Gauntlet)
  4 hydras
  Erica (Orc:1)
  22 two-headed ogres
  2 centaur warriors
  4 ogre magi (Orc:2)
  A catoblepas (Gauntlet)
  A queen ant (Lair:6)
  2 orc high priests
  2 thrashing horrors (Gauntlet)
  Sonja (D:13)
  A sixfirhy (Lair:6)
  Nergalle (Lair:1)
  An unseen horror (D:14)
  2 deep elf magi (D:13)
  A wizard (Lair:6)
  2 orc knights (Bailey)
  10 ugly things
  An orc sorcerer (Bailey)
  2 cyclopes
  A stone giant zombie (Orc:2)
  5 elephants (Lair:4)
  3 black mambas
  10 spiny frogs
  A torpor snail (Lair:2)
  A molten gargoyle (Gauntlet)
  9 rime drakes
  2 gargoyles (Gauntlet)
  7 komodo dragons
  A freezing wraith (D:13)
  3 ice devils (Lair:6)
  A hellwing (Lair:6)
  3 red devils (Lair:6)
  3 trolls
  2 death yak skeletons
  A harpy zombie (D:13)
  5 hydra zombies (Lair:1)
  11 blink frogs
  3 hydra skeletons
  7 slime creatures
  7 dream sheep
  Prince Ribbit (D:9)
  8 hippogriffs
  A black mamba zombie (Lair:5)
  A spriggan (D:14)
  A wraith (D:10)
  4 basilisks
  41 yaks
  4 shadows (Gauntlet)
  4 wyverns
  2 black mamba skeletons
  5 hogs (D:13)
  2 hungry ghosts
  3 vampire mosquitoes (D:12)
  2 nagas (Lair:3)
  2 wargs
  An acid dragon (D:14)
  17 soldier ants (Lair:6)
  18 water moccasins
  3 hell hounds (Lair:6)
  12 porcupines
  2 small abominations (Gauntlet)
  2 ogre skeletons (Orc:2)
  A spiny frog zombie (Lair:1)
  3 sky beasts
  2 ice beasts
  23 orc warriors
  2 black bears
  2 necrophages
  7 spiny frog skeletons
  5 phantoms
  2 blink frog zombies (Lair:1)
  An eye of draining (D:12)
  An elephant skeleton (Lair:3)
  An orc zombie (Orc:2)
  12 wolves (Lair:1)
  14 centaurs
  2 dream sheep skeletons
  2 dream sheep zombies
  29 ogres
  15 crocodiles
  A big kobold (D:8)
  A komodo dragon zombie (Lair:1)
  A hippogriff zombie (Lair:5)
  3 komodo dragon skeletons
  20 bullfrogs
  A hippogriff skeleton (Lair:1)
  A water moccasin zombie (Lair:1)
  A scorpion (D:3)
  3 water moccasin skeletons
  A troll zombie (Orc:2)
  2 killer bees (D:10)
  A yak skeleton (Lair:1)
  9 wights
  5 electric eels
  A wolf zombie (Lair:1)
  3 howler monkeys
  2 bullfrog zombies
  4 crimson imps
  3 quasits
  17 orc priests
  Crazy Yiuf (D:6)
  5 centaur skeletons
  12 hounds
  3 jellies
  A gnoll shaman (D:3)
  6 bullfrog skeletons
  22 worker ants
  An iguana (D:9)
  17 orc wizards
  A crocodile zombie (Lair:1)
  A hound zombie (D:9)
  A hound skeleton (D:5)
  A howler monkey skeleton (D:4)
  7 adders
  6 gnolls
  2 orc skeletons (Orc:2)
  4 shadow imps
  2 oozes (D:1)
  2 adder skeletons
  An adder zombie (D:7)
  2 worms
  A dart slug (D:2)
  3 leopard geckos
  98 orcs
  3 giant cockroaches
  25 goblins
  13 hobgoblins
  7 jackals
  3 quokkas
  A ball python (D:2)
  3 bats
  2 frilled lizards (D:1)
  A jackal skeleton (D:5)
  17 kobolds
  A quokka zombie (D:8)
  5 rats
  A bush (Lair:6)
  2 fungi
  9 plants
786 creatures vanquished.

Vanquished Creatures (collateral kills)
  An ugly thing (D:14)
  A killer bee (D:10)
  A worker ant (Lair:6)
3 creatures vanquished.

Vanquished Creatures (others)
  2 electric eels
  13 fungi
  20 plants
  14 withered plants (Gauntlet)
49 creatures vanquished.

Grand Total: 838 creatures vanquished

Notes
Turn   | Place    | Note
-------+----------+-------------------------------------------
     0 | D:1      | DildoBatman the Formicid Wizard began the quest for the
                  | Orb.
     0 | D:1      | Reached XP level 1. HP: 13/13 MP: 4/4
    27 | D:1      | Reached skill level 1 in Conjurations
   274 | D:1      | Reached XP level 2. HP: 16/19 MP: 3/6
   558 | D:1      | Reached XP level 3. HP: 17/24 MP: 4/7
   563 | D:1      | Learned a level 3 spell: Conjure Flame
   567 | D:1      | Learned a level 3 spell: Mephitic Cloud
  1335 | D:2      | Reached XP level 4. HP: 19/30 MP: 1/8
  2329 | D:3      | Reached XP level 5. HP: 29/35 MP: 9/9
  2564 | D:4      | You fall through a shaft!
  2564 | D:5      | Entered Level 5 of the Dungeon
  2569 | D:5      | Noticed a centaur
  2709 | D:5      | Reached skill level 5 in Conjurations
  2709 | D:5      | Reached XP level 6. HP: 18/41 MP: 3/10
  3112 | D:4      | Found Ykoshrun's Assorted Antiques.
  3246 | D:4      | Found a staircase to the Ecumenical Temple.
  3255 | Temple   | Entered the Ecumenical Temple
  3415 | Temple   | Became a worshipper of Kikubaaqudgha
  3616 | D:3      | Reached XP level 7. HP: 21/46 MP: 4/11
  3651 | D:3      | Reached skill level 1 in Poison Magic
  3891 | D:4      | Reached skill level 1 in Fire Magic
  3935 | D:4      | Found an iron altar of Okawaru.
  4242 | D:5      | Reached skill level 1 in Air Magic
  4418 | D:5      | Reached XP level 8. HP: 35/52 MP: 2/12
  5399 | D:6      | Reached * piety under Kikubaaqudgha
  5399 | D:6      | Identified Kikubaaqudgha's Grimoire of Sinister Secrets
                  | (Kikubaaqudgha gifted it to you on level 6 of the Dungeon)
  5399 | D:6      | Received a gift from Kikubaaqudgha
  5404 | D:6      | Reached skill level 5 in Poison Magic
  5430 | D:6      | Found a runed translucent door.
  5431 | D:6      | Noticed Crazy Yiuf
  5451 | D:6      | Killed Crazy Yiuf
  5583 | D:6      | Found a sacrificial altar of Ru.
  5756 | D:4      | Bought a transparent bone ring for 155 gold pieces
  5757 | D:4      | Identified the ring "Ujaariritu" {MP+9 Int+3} (You bought
                  | it in a shop on level 4 of the Dungeon)
  5817 | D:7      | Reached XP level 9. HP: 57/57 MP: 7/15
  5854 | D:7      | Found a flagged portal.
  5971 | D:7      | Learned a level 3 spell: Vampiric Draining
  6092 | D:7      | Reached skill level 1 in Fighting
  6092 | D:7      | Reached skill level 1 in Armour
  6092 | D:7      | Reached skill level 1 in Necromancy
  6111 | Bailey   | Entered a bailey
  6406 | Bailey   | Noticed an orc sorcerer
  6408 | Bailey   | Noticed an orc high priest
  6411 | Bailey   | Noticed an orange demon
  6415 | Bailey   | Noticed a red devil
  6510 | Bailey   | Killed an orc sorcerer
  6533 | Bailey   | Reached skill level 5 in Spellcasting
  6568 | Bailey   | Killed an orc high priest
  6568 | Bailey   | Reached ** piety under Kikubaaqudgha
  6568 | Bailey   | Reached XP level 10. HP: 39/68 MP: 8/17
  6619 | Bailey   | Found an iron altar of Okawaru.
  6860 | Bailey   | Noticed an orc knight
  6882 | Bailey   | Killed an orc knight
  7003 | Bailey   | Noticed an orc knight
  7033 | Bailey   | Killed an orc knight
  7033 | Bailey   | Reached skill level 5 in Stealth
  7372 | D:7      | Got a pair of heavily runed gloves
  7379 | D:7      | Identified the +0 pair of gloves of the Ward {rPois rCorr}
                  | (You acquired it on level 7 of the Dungeon)
  7762 | D:7      | Reached skill level 1 in Shields
  7858 | D:8      | Found Coqaibb's Gadget Shop.
  7998 | D:8      | Found Naop's Gadget Shoppe.
  8042 | D:8      | Found Sylone's Weapon Emporium.
  8063 | D:8      | Noticed a two-headed ogre
  8100 | D:8      | Killed a two-headed ogre
  8100 | D:8      | Reached XP level 11. HP: 78/78 MP: 9/20
  8181 | D:8      | Found Ihyicwa's General Store.
  8195 | D:8      | Bought 2 potions of mutation for 160 gold pieces
  8196 | D:8      | Gained mutation: You expend magic power (3 MP) to
                  | strengthen your wands. [potion of mutation]
  8196 | D:8      | Gained mutation: You are surrounded by a mild repulsion
                  | field. (EV +2) [potion of mutation]
  8197 | D:8      | Lost mutation: You expend magic power (3 MP) to strengthen
                  | your wands. [potion of mutation]
  8197 | D:8      | Lost mutation: You are surrounded by a mild repulsion
                  | field. (EV +2) [potion of mutation]
  8197 | D:8      | Gained mutation: You are frail. (-10% HP) [potion of
                  | mutation]
  8197 | D:8      | Gained mutation: Your mind is acute. (Int +2) [potion of
                  | mutation]
  8212 | D:8      | Lost mutation: You are frail. (-10% HP) [potion of
                  | mutation]
  8212 | D:8      | Lost mutation: Your mind is acute. (Int +2) [potion of
                  | mutation]
  8212 | D:8      | Gained mutation: Armour fits poorly on your strangely
                  | shaped body. [potion of mutation]
  8212 | D:8      | Gained mutation: You are frail. (-10% HP) [potion of
                  | mutation]
  8212 | D:8      | Gained mutation: You are very frail. (-20% HP) [potion of
                  | mutation]
  8212 | D:8      | Gained mutation: Your mind is acute. (Int +2) [potion of
                  | mutation]
  8301 | D:8      | Noticed a two-headed ogre
  8337 | D:8      | Killed a two-headed ogre
  8337 | D:8      | Reached *** piety under Kikubaaqudgha
  8337 | D:8      | Identified Kikubaaqudgha's Disquisition on Stolen Souls
                  | (Kikubaaqudgha gifted it to you on level 8 of the Dungeon)
  8337 | D:8      | Received a gift from Kikubaaqudgha
  8337 | D:8      | Reached skill level 5 in Fighting
  8337 | D:8      | Reached skill level 1 in Short Blades
  8337 | D:8      | Reached skill level 5 in Armour
  8350 | D:8      | Learned a level 5 spell: Dispel Undead
  8529 | D:8      | Reached skill level 5 in Shields
  8557 | D:8      | Found Izoufoc's Book Shop.
  8680 | D:8      | Found a shattered altar of Ashenzari.
  8872 | D:9      | Noticed a two-headed ogre
  8907 | D:9      | Killed a two-headed ogre
  8907 | D:9      | Reached skill level 5 in Necromancy
  9396 | D:9      | Noticed Prince Ribbit
  9408 | D:9      | Killed Prince Ribbit
  9621 | D:10     | Entered Level 10 of the Dungeon
  9621 | D:10     | Noticed a two-headed ogre
  9641 | D:10     | Killed a two-headed ogre
 10045 | D:10     | Reached skill level 1 in Polearms
 10293 | D:10     | Reached skill level 10 in Shields
 10414 | D:10     | Reached **** piety under Kikubaaqudgha
 10761 | D:11     | Found a staircase to the Lair.
 10854 | D:11     | Found Paceg's Weapon Shoppe.
 11237 | D:11     | Noticed a two-headed ogre
 11248 | D:11     | Killed a two-headed ogre
 11248 | D:11     | Reached XP level 12. HP: 13/68 MP: 19/21
 11650 | D:11     | Learned a level 2 spell: Sublimation of Blood
 11868 | D:12     | Learned a level 5 spell: Borgnjor's Vile Clutch
 12045 | D:12     | Reached ***** piety under Kikubaaqudgha
 12086 | D:12     | Found a staircase to the Orcish Mines.
 12228 | D:12     | Reached skill level 1 in Earth Magic
 12414 | D:12     | Identified the Almanac of Stones and Creation
 12689 | Orc:1    | Entered Level 1 of the Orcish Mines
 12703 | Orc:1    | Noticed an orc high priest
 12740 | Orc:1    | Killed an orc high priest
 13062 | Orc:2    | Entered Level 2 of the Orcish Mines
 13086 | Orc:1    | Noticed Erica
 13106 | Orc:1    | Killed Erica
 13266 | Orc:1    | Found a roughly hewn altar of Beogh.
 13369 | Orc:1    | Found a roughly hewn altar of Beogh.
 13560 | Orc:2    | Found a roughly hewn altar of Beogh.
 13615 | Orc:2    | Found a staircase to the Elven Halls.
 13630 | Orc:2    | Reached XP level 13. HP: 27/72 MP: 9/24
 13909 | Orc:2    | Reached skill level 5 in Earth Magic
 13945 | Orc:2    | Reached ****** piety under Kikubaaqudgha
 13963 | Orc:1    | Received a gift from Kikubaaqudgha
 14231 | Temple   | Fell from the grace of Kikubaaqudgha
 14231 | Temple   | Became a worshipper of Gozag Ym Sagoz the Greedy
 14320 | D:4      | Bought a potion of mutation for 248 gold pieces
 14320 | D:4      | Bought a scroll labeled ZAUFRA HIDDUAMIEPT for 31 gold
                  | pieces
 14320 | D:4      | Bought a scroll of identify for 62 gold pieces
 14320 | D:4      | Bought a scroll of identify for 62 gold pieces
 14320 | D:4      | Bought a scroll labeled ACWIMA ROFUCHE for 31 gold pieces
 14320 | D:4      | Bought a black potion for 27 gold pieces
 14320 | D:4      | Bought a scroll of identify for 62 gold pieces
 14320 | D:4      | Bought a black potion for 27 gold pieces
 14387 | D:8      | Bought a potion of heal wounds for 50 gold pieces
 14468 | D:11     | Lost mutation: Armour fits poorly on your strangely shaped
                  | body. [potion of mutation]
 14468 | D:11     | Lost mutation: Your mind is acute. (Int +2) [potion of
                  | mutation]
 14468 | D:11     | Lost mutation: You are very frail. (-20% HP) [potion of
                  | mutation]
 14468 | D:11     | Lost mutation: You are frail. (-10% HP) [potion of
                  | mutation]
 14468 | D:11     | Gained mutation: Your body sometimes deteriorates upon
                  | taking damage. [potion of mutation]
 14468 | D:11     | Gained mutation: You have large cloven feet. [potion of
                  | mutation]
 14468 | D:11     | Gained mutation: You expend magic power (3 MP) to
                  | strengthen your wands. [potion of mutation]
 14983 | Orc:2    | Noticed a reaper
 15113 | Orc:2    | Reached skill level 10 in Necromancy
 15116 | Orc:2    | Reached XP level 14. HP: 12/96 MP: 7/27
 15217 | Orc:2    | Found Haet's Gadget Shoppe.
 15217 | Orc:2    | Found Hocvuin's Antique Armour Shop.
 15313 | Orc:2    | Found Sew Fipt's Jewellery Shop.
 15313 | Orc:2    | Found Uskyusux's Food Emporium.
 15328 | Orc:2    | Bought a pair of shimmering boots for 266 gold pieces
 15333 | Orc:2    | Identified the +2 pair of boots "Vaor Ziw" {-Tele rPois
                  | rC+++ Str-2 SInv} (You bought it in a shop on level 2 of
                  | the Orcish Mines)
 15677 | D:8      | Bought a +2 glaive of flaming for 237 gold pieces
 15677 | D:8      | Bought a potion of curing for 30 gold pieces
 15782 | Lair:1   | Entered Level 1 of the Lair of Beasts
 15905 | Lair:1   | Found a blossoming altar of Fedhas.
 16109 | Lair:1   | Reached skill level 10 in Spellcasting
 16444 | Lair:1   | Noticed Nergalle
 16455 | Lair:1   | Killed Nergalle
 17602 | Lair:2   | You fall through a shaft!
 17725 | Lair:3   | Reached skill level 10 in Earth Magic
 18035 | Lair:3   | Found a staircase to the Snake Pit.
 18386 | Lair:2   | Found a staircase to the Shoals.
 18786 | Lair:4   | Reached skill level 5 in Polearms
 19262 | Lair:4   | Noticed a reaper
 19669 | Lair:5   | Reached XP level 15. HP: 102/102 MP: 29/29
 19773 | Lair:5   | Got a pair of brightly glowing boots
 19785 | Lair:5   | Identified the +1 pair of boots of Pietiexa {+Blink rPois
                  | rN+ MR+} (You acquired it on level 5 of the Lair of Beasts)
 19814 | Lair:5   | Found a staircase to the Slime Pits.
 19958 | Lair:5   | You fall through a shaft!
 19958 | Lair:6   | Entered Level 6 of the Lair of Beasts
 20288 | Lair:5   | Was forgiven by Kikubaaqudgha
 20767 | Lair:6   | Found a burning altar of Makhleb.
 20840 | Lair:6   | Found a gateway to Hell.
 21923 | D:13     | Noticed Sonja
 21938 | D:13     | Killed Sonja
 22021 | D:13     | Noticed Nessos
 22031 | D:13     | Killed Nessos
 22094 | D:13     | Found Byishri's Weapon Shop.
 22267 | D:13     | Noticed Kirke
 22274 | D:13     | Noticed a sphinx
 22362 | D:13     | Killed Kirke
 22362 | D:13     | Reached XP level 16. HP: 73/109 MP: 18/34
 22595 | D:13     | Found Gunosyu's Distillery.
 22603 | D:13     | Bought a potion of brilliance for 48 gold pieces
 22603 | D:13     | Bought a potion of heal wounds for 60 gold pieces
 22603 | D:13     | Bought a potion of curing for 36 gold pieces
 22603 | D:13     | Bought a potion of heal wounds for 60 gold pieces
 22603 | D:13     | Bought a potion of agility for 48 gold pieces
 22716 | D:13     | Lost mutation: Your body sometimes deteriorates upon taking
                  | damage. [potion of mutation]
 22716 | D:13     | Lost mutation: You have large cloven feet. [potion of
                  | mutation]
 22716 | D:13     | Gained mutation: You evolve. [potion of mutation]
 22716 | D:13     | Gained mutation: You are frail. (-10% HP) [potion of
                  | mutation]
 22716 | D:13     | Gained mutation: You are partially covered in molten
                  | scales. (AC +2) [potion of mutation]
 23029 | D:14     | Reached skill level 5 in Dodging
 23135 | D:14     | Found a gate leading to a gauntlet.
 23165 | D:14     | Found Vaojukh's Magic Scroll Shoppe.
 23185 | Gauntlet | Entered a Gauntlet
 23185 | Gauntlet | Found a transporter.
 23188 | Gauntlet | Found a transporter.
 23203 | Gauntlet | Found a transporter.
 23206 | Gauntlet | Found a transporter.
 23226 | Gauntlet | Found a transporter.
 23239 | Gauntlet | Found a transporter.
 23244 | Gauntlet | Found a transporter.
 23248 | Gauntlet | Found a transporter.
 23271 | Gauntlet | Found a transporter.
 23291 | Gauntlet | Found a transporter.
 23295 | Gauntlet | Found a transporter.
 23304 | Gauntlet | Found a transporter.
 23409 | Gauntlet | Lost mutation: You are partially covered in molten scales.
                  | (AC +2) [evolution]
 23443 | Gauntlet | Got a pair of slimy gloves
 23475 | Gauntlet | Identified the cursed +0 pair of gloves of an ice cave
                  | {-Cast rElec Str+7} (You found it in a Gauntlet)
 23648 | Gauntlet | Learned a level 9 spell: Shatter
 24347 | Gauntlet | Gained mutation: Your spells are a little easier to cast,
                  | but a little less powerful. [mutagenic glow]
 24662 | Gauntlet | Gained mutation: Your body sometimes deteriorates upon
                  | taking damage. [mutagenic glow]
 24683 | Gauntlet | Gained mutation: Your system is resistant to poisons.
                  | (rPois) [mutagenic glow]
 24694 | Gauntlet | Mangled by a death ooze

Skill      XL: |  1  2  3  4  5  6  7  8  9 10 11 12 13 14 15 16 |
---------------+-------------------------------------------------+-----
Conjurations   | 1 2 3 4 5 6 |  6.0
Poison Magic   | 3 5 8 |  8.2
Fire Magic     | 2 4 |  4.0
Air Magic      | 2 3 4 |  4.0
Spellcasting   | 4 5 6 7 9 10 14 | 14.2
Dodging        | 3 4 5 |  5.1
Fighting       | 2 4 5 6 7 |  7.2
Armour         | 2 4 5 6 7 |  7.2
Necromancy     | 2 4 6 7 10 11 | 11.4
Stealth        | 3 5 6 |  6.0
Shields        | 3 11 13 14 | 14.1
Short Blades   | 3 |  3.0
Polearms       | 3 4 5 6 |  6.1
Earth Magic    | 4 8 10 | 10.9
Summonings     | |  1.0
Translocations | |  0.8

Action                   |  1- 3 |  4- 6 |  7- 9 | 10-12 | 13-15 | 16-18 || total
-------------------------+-------+-------+-------+-------+-------+-------++-------
Melee: Club              |    31 |       |       |       |       |       ||    31
       Short sword       |       |    77 |   250 |   139 |       |       ||   466
       Dagger            |       |       |       |    72 |       |       ||    72
       Trident           |       |       |       |   349 |   195 |       ||   544
       Halberd           |       |       |       |    22 |       |       ||    22
       Kick              |       |       |       |       |    40 |       ||    40
       Glaive            |       |       |       |       |   709 |    73 ||   782
       Unarmed           |       |       |       |       |     3 |       ||     3
 Fire: Hunting sling     |     4 |    43 |       |    25 |       |       ||    72
 Cast: Magic Dart        |    78 |    79 |   112 |   216 |     8 |     1 ||   494
       Mephitic Cloud    |       |     3 |    24 |    74 |   114 |     8 ||   223
       Conjure Flame     |       |       |     9 |    64 |    42 |     1 ||   116
       Dispel Undead     |       |       |       |    19 |     2 |     6 ||    27
       Borgnjor's Vile C |       |       |       |    10 |    87 |    19 ||   116
       Sublimation of Bl |       |       |       |     5 |     6 |     4 ||    15
       Vampiric Draining |       |       |       |       |     6 |       ||     6
       Shatter           |       |       |       |       |       |     2 ||     2
Invok: Receive Necronomi |       |       |       |       |     1 |       ||     1
 Abil: Dig               |     1 |       |    15 |    24 |    30 |     3 ||    73
  Use: Scroll            |       |       |     6 |     2 |    21 |     4 ||    33
       Potion            |       |       |       |     3 |     1 |    10 ||    14
 Stab: Sleeping          |     1 |       |     1 |     2 |     7 |     1 ||    12
       Confused          |       |       |     8 |    20 |    35 |     4 ||    67
       Distracted        |       |       |       |       |     1 |       ||     1
  Eat: Chunk             |     1 |     6 |    22 |    33 |     5 |       ||    67
       Ration            |       |       |       |       |    12 |     5 ||    17
Armor: Robe              |     5 |     3 |       |       |       |       ||     8
       Scale mail        |       |    42 |       |       |       |       ||    42
       Leather armour    |       |     3 |    77 |    59 |       |       ||   139
       Troll leather arm |       |       |       |    36 |   164 |    16 ||   216
       Skin              |       |       |       |       |     1 |     1 ||     2
Dodge: Dodged            |    35 |    49 |   143 |   177 |   347 |    40 ||   791
Block: Shield            |       |       |       |   149 |   362 |    41 ||   552
       Buckler           |       |       |       |       |    33 |       ||    33
